Map: 2000 Atmospheres LE

Players

Scarlett

  • Race: Zerg Zerg

Lambo - Winner!

  • Race: Zerg Zerg

Event: DreamHack SC2 Masters 2021 Summer

VOD

Have the link to the VOD?

Description

Time

  • Played on: July 1, 2021, 1:20 p.m.
  • Length: 9:09

All games in this series

Show
View Real Time Build Order
Export as new Build Order

Scarlett Zerg 

Build Orders: Hatch First 

Get SALT Encoding   

  12  0:00  Drone  
  13  0:12  Overlord  
  13  0:16  Drone  
  14  0:30  Drone x2  
  16  0:46  Hatchery  
  15  0:50  Drone  
  15  0:53  Drone  
  18  0:57  Drone  
  18  1:08  Extractor  
  17  1:12  Spawning Pool  
  17  1:15  Drone  
  17  1:18  Drone  
  18  1:27  Drone  
  19  1:38  Drone  
  20  1:49  Drone  
  21  1:58  Queen x2  
  21  1:59  Drone  
  21  2:00  Overlord  
  26  2:07  Metabolic Boost  
  26  2:10  Drone  
  26  2:12  Drone  
  29  2:22  Drone  
  29  2:23  Drone  
  30  2:31  Zergling x2  
  30  2:34  Hatchery  
  30  2:39  Queen  
  32  2:44  Overlord  
  32  2:47  Zergling x2  
  33  2:53  Baneling Nest  
  33  2:54  Drone  
  33  2:56  Drone  
  34  3:02  Overlord  
  34  3:06  Drone x2  
  34  3:09  Drone x2  
  34  3:11  Zergling x2  
  39  3:14  Drone  
  39  3:17  Drone x2  
  42  3:23  Drone x2  
  44  3:30  Drone  
  45  3:37  Evolution Chamber  
  45  3:38  Drone x3, Baneling  
  45  3:39  Drone  
  45  3:41  Drone  
  49  3:48  Extractor  
  47  3:51  Drone x5  
  47  3:53  Extractor  
  51  4:02  Drone x2, Overlord  
  53  4:03  Zerg Missile Weapons Level 1  
  53  4:10  Roach Warren  
  53  4:12  Drone x3  
  53  4:16  Drone  
  53  4:17  Drone  
  57  4:18  Overlord x2  
  57  4:25  Lair  
  57  4:27  Drone x4  
  57  4:30  Overlord  
  61  4:32  Drone  
  61  4:34  Drone  
  61  4:35  Drone  
  61  4:37  Drone x2  
  66  4:43  Extractor  
  65  4:48  Drone x7, Extractor  
  65  4:50  Extractor  
  70  4:56  Drone  
  70  4:59  Drone x8  
  79  5:07  Overlord  
  81  5:14  Roach x2  
  83  5:24  Glial Reconstitution  
  82  5:30  Roach x7  
  82  5:31  Overseer, Overlord  
  82  5:32  Overlord x4  
  96  5:39  Overlord x2  
  96  5:54  Spire  
  95  5:57  Roach x11  
  95  6:01  Roach  
  95  6:02  Roach x2  
  122  6:05  Ravager, Roach  
  129  6:11  Roach x2  
  129  6:13  Roach  
  129  6:17  Spine Crawler  
  130  6:19  Roach  
  124  6:26  Roach x2  
  124  6:29  Spine Crawler  
  124  6:30  Roach  
  124  6:35  Roach x2  
  124  6:36  Roach x5  
  132  6:43  Roach x5  
  138  6:51  Roach x2  
  132  6:55  Roach  
  132  6:57  Roach  
  132  7:00  Roach  
  136  7:04  Roach x3  
  136  7:09  Roach x2  
  136  7:13  Roach  
  138  7:18  Roach x2  
  138  7:22  Roach  
  122  7:28  Roach  
  114  7:30  Roach  
  114  7:31  Roach  
  108  7:37  Queen x2, Roach  
  108  7:41  Roach  
  108  7:43  Roach  
  113  7:48  Roach  
  113  7:50  Roach  
  93  7:54  Roach  
  89  8:00  Roach  
  89  8:08  Hatchery  
  88  8:15  Mutalisk x3  
  88  8:19  Mutalisk  
  96  8:25  Mutalisk  
  98  8:31  Mutalisk  
  100  8:34  Hatchery  
  100  8:38  Drone  
  100  8:39  Drone  
  101  8:41  Drone  
  102  8:50  Drone x7  
Show
View Real Time Build Order
Export as new Build Order

Lambo Zerg - Winner!

Build Orders: Hatch First 

Get SALT Encoding   

  12  0:00  Drone  
  13  0:12  Overlord  
  13  0:17  Drone  
  14  0:30  Drone x2  
  16  0:47  Hatchery  
  15  0:51  Drone  
  15  0:54  Drone  
  17  0:57  Drone  
  18  1:08  Extractor  
  17  1:12  Spawning Pool  
  17  1:15  Drone  
  17  1:19  Drone  
  18  1:27  Drone  
  19  1:38  Drone  
  20  1:49  Drone  
  21  1:59  Queen x2  
  21  2:00  Zergling x2, Overlord  
  26  2:09  Metabolic Boost  
  26  2:10  Drone  
  26  2:11  Drone  
  28  2:21  Drone  
  28  2:22  Drone  
  30  2:32  Hatchery  
  30  2:35  Drone  
  30  2:41  Drone  
  30  2:42  Drone  
  32  2:46  Baneling Nest  
  32  2:49  Overlord  
  31  2:54  Drone x2  
  33  3:02  Queen  
  33  3:05  Zergling x2  
  36  3:10  Drone x3  
  36  3:11  Zergling x2  
  40  3:14  Zergling x2  
  40  3:17  Drone  
  40  3:19  Drone  
  42  3:22  Overlord  
  42  3:26  Drone  
  43  3:32  Evolution Chamber  
  43  3:33  Drone  
  43  3:34  Baneling  
  43  3:42  Drone x5  
  43  3:45  Drone x3  
  51  3:49  Overlord  
  51  3:51  Drone  
  52  3:56  Drone x2  
  52  3:58  Extractor  
  53  4:06  Drone x3, Roach Warren  
  53  4:08  Drone  
  56  4:14  Lair  
  56  4:15  Drone x3  
  58  4:17  Zerg Missile Weapons Level 1  
  58  4:22  Drone x3  
  58  4:23  Drone  
  62  4:27  Drone x2  
  62  4:30  Extractor, Overlord  
  62  4:31  Extractor  
  62  4:34  Overlord  
  62  4:37  Extractor  
  62  4:38  Drone  
  62  4:41  Overlord x2  
  62  4:55  Drone x2  
  64  5:04  Extractor, Roach x8  
  79  5:14  Glial Reconstitution  
  79  5:15  Overlord  
  79  5:16  Roach x2  
  79  5:19  Nydus Network  
  82  5:21  Overlord  
  82  5:22  Roach x2  
  82  5:24  Overlord  
  82  5:28  Overlord, Roach  
  85  5:29  Roach x2  
  85  5:33  Overlord  
  93  5:35  Roach  
  93  5:36  Roach  
  93  5:41  Roach x3  
  101  5:46  Roach x2  
  104  5:52  Roach  
  104  5:53  Roach x3  
  104  5:56  Nydus Canal  
  112  5:57  Roach  
  112  6:00  Roach  
  112  6:01  Roach  
  112  6:03  Roach  
  120  6:06  Roach  
  120  6:10  Roach  
  120  6:11  Roach x2  
  128  6:13  Nydus Canal  
  128  6:15  Roach  
  128  6:17  Roach  
  132  6:20  Roach  
  132  6:25  Roach x3  
  134  6:29  Roach  
  134  6:30  Nydus Canal  
  134  6:31  Overlord  
  136  6:34  Roach  
  136  6:37  Overlord  
  136  6:39  Roach  
  136  6:44  Roach  
  134  6:48  Roach  
  134  6:50  Nydus Canal  
  130  6:55  Roach  
  130  6:56  Roach x4  
  130  6:57  Drone x2  
  138  7:10  Drone x6  
  138  7:11  Spire  
  138  7:15  Roach x2  
  139  7:17  Roach  
  139  7:22  Roach x2  
  125  7:30  Roach x3  
  125  7:31  Roach x2  
  125  7:34  Roach  
  125  7:35  Roach  
  135  7:38  Roach  
  135  7:39  Roach  
  131  7:44  Roach  
  131  7:45  Roach x2  
  131  7:49  Queen  
  131  7:51  Roach  
  119  7:54  Roach x2  
  115  7:59  Roach x2  
  101  8:23  Mutalisk x5  
  101  8:26  Roach  
  101  8:27  Roach x2  
  117  8:32  Hatchery  
  116  8:35  Mutalisk  
  116  8:37  Drone  
  116  8:38  Drone x2  
  116  8:39  Drone  
Tags
 
Add a new tag
Caveats
  • Supply blocks, unpowered buildings, or Contaminate may cause inaccurate times.
  • Supply counts are checked every 10 seconds.